 Dungeon Crawl Stone Soup version 0.28-a0-1629-gf728b707aa (webtiles) character file.

Game seed: 2519545290325236603

30 hashsling the Digger (level 3, -1/21 HPs)
             Began as a Gargoyle Earth Elementalist on Jan 24, 2022.
             Slain by Crazy Yiuf (3 damage)
             ... on level 2 of the Dungeon.
             The game lasted 00:04:56 (1542 turns).

hashsling the Digger (Gargoyle Earth Elementalist)  Turns: 1542, Time: 00:04:58

Health: -1/21      AC:  5    Str: 11    XL:     3   Next: 18%
Magic:  6/6        EV: 12    Int: 17    God:
Gold:   47         SH:  0    Dex: 10    Spells: 2/6 levels left

rFire   . . .      SeeInvis .   j - +8 mace "Ireu" {vorpal, Fragile +Blink rElec rPois}
rCold   . . .      Faith    .   (no shield)
rNeg    + . .      Spirit   .   b - +0 robe
rPois   ∞          Reflect  .   (no helmet)
rElec   +          Harm     .   (no cloak)
rCorr   .          Rampage  .   (no gloves)
Will    .....                   (no boots)
Stlth   ++........              (no amulet)
HPRegen 0.07/turn               (no ring)
MPRegen 0.10/turn               (no ring)

@: no status effects
A: sickness immunity, AC +3, negative energy resistance 1, electricity
resistance, torment resistance 1, petrification resistance
a: Evoke Blink


You were on level 2 of the Dungeon.
You visited 1 branch of the dungeon, and saw 2 of its levels.

You collected 47 gold pieces.

Inventory:

Hand Weapons
 a - a +0 mace
 j - the +8 mace "Ireu" (weapon) {vorpal, Fragile +Blink rElec rPois}
   (You found it on level 2 of the Dungeon)

   It inflicts extra damage upon your enemies.
   rElec:     It insulates you from electricity.
   rPois:     It protects you from poison.
   +Blink:    It lets you blink.
   Fragile:   It will be destroyed if unequipped.
 k - a +5 mace
Missiles
 c - 22 stones
Armour
 b - a +0 robe (worn)
Scrolls
 d - 2 scrolls of immolation {unknown}
 e - 2 scrolls of teleportation {unknown}
 f - a scroll of identify {unknown}
Potions
 g - a potion of lignification {unknown}
 h - a potion of degeneration {unknown}
 i - 2 potions of curing {unknown}


   Skills:
 * Level 1.7 Fighting
 + Level 0.4 Maces & Flails
 + Level 1.7 Dodging
 + Level 2.4 Stealth
 + Level 2.1 Spellcasting
 - Level 1.0 Transmutations
 * Level 4.0 Earth Magic


You had 2 spell levels left.
You knew the following spells:

 Your Spells              Type           Power      Damage    Failure   Level
a - Sandblast             Erth           30%        2d9       3%          1
b - Stone Arrow           Conj/Erth      16%        3d8       26%         3

Your spell library contained the following spells:

 Spells                   Type           Power      Damage    Failure   Level
 Passwall                 Tmut/Erth      8%         N/A       11%         2
 Summon Guardian Golem    Hex/Summ       1%         N/A       50%         3
 Petrify                  Tmut/Erth      10%        N/A       56%         4
 Orb of Destruction       Conj           0%         9d5       100%        7
 Spellforged Servitor     Conj/Summ      0%         N/A       100%        7


Dungeon Overview and Level Annotations

Branches:
Dungeon (2/15)

Altars:

Annotations:
D:2 Crazy Yiuf


Innate Abilities, Weirdness & Mutations

You are immune to sickness and miasma.
Your stone body is resilient. (AC +3)
You are immune to poison.
You resist negative energy. (rN+)
You are resistant to electric shocks. (rElec)
You are resistant to unholy torment.
You are immune to petrification.


Message History

Found a mace.
Found two maces.
Found two maces.
Found a glimmering mace and a mace.
Found a glowing mace, three maces and a runed mace.
Found a glowing mace and a mace.
You see here a +0 mace.
You see here a +0 mace.
You see here a +0 mace.
You see here the +8 mace "Ireu" {vorpal, Fragile +Blink rElec rPois}.
j - the +8 mace "Ireu" {vorpal, Fragile +Blink rElec rPois} You see here a +0 mace.
You see here a +0 mace.
You see here a +0 mace of protection.
You see here a +0 mace.
You see here a +0 mace.
You see here a +0 mace.
You see here a +0 vorpal mace.
You see here a +5 mace.
k - a +5 mace
Found a mace.
Found a runed translucent door.
Okay, then.
Really wield
j - the +8 mace "Ireu" {vorpal, Fragile +Blink rElec rPois}?
j - the +8 mace "Ireu" (weapon)
{vorpal, Fragile +Blink rElec rPois}
Okay, then.
As you open the door, it creaks loudly!
Crazy Yiuf shouts!
There is an open translucent door here.
You sock Crazy Yiuf!
Crazy Yiuf is heavily wounded.
Crazy Yiuf grits, "Nubble head action!"
Crazy Yiuf hits you with a +4 quarterstaff of chaos.
Crazy Yiuf burns you.
You sock Crazy Yiuf!
Crazy Yiuf is almost dead.
Crazy Yiuf laughs, "Rot!"
Crazy Yiuf hits you with a +4 quarterstaff of chaos!
Ouch! That really hurt!
* * * LOW HITPOINT WARNING * * *
Crazy Yiuf hits you with a +4 quarterstaff of chaos.
You die...

#.#####
##.##............ #.#
#.##.#####...... #.#
#.##.# #...... #.#
###########..... ##.#
#.......... #####..#
########...
.......##♣♣ #### ##.#
.####.)))P♣♣ ♣♣#..)#
#.#
.####..))..♣♣♣♣.@g..#
#########)#
.....#))))).♣..♣#...#
#.>........
.###.##))P.♣.♣♣♣ ####
######...)# .# #.
###♣♣♣♣♣ #.#### .# #.
#.# ># #.
###############.# ..
.. #...............#
.. #.....>.#######.#
## #......># #.#


You could see Crazy Yiuf.

Vanquished Creatures
  2 dart slugs (D:2)
  3 bats (D:2)
  2 endoplasms
  2 giant cockroaches
  A hobgoblin (D:1)
  A quokka (D:1)
  5 ball pythons
  2 frilled lizards
  2 goblins
  A kobold (D:2)
  5 rats
26 creatures vanquished.

Notes
Turn   | Place    | Note
-------+----------+-------------------------------------------
     0 | D:1      | hashsling the Gargoyle Earth Elementalist began the quest
                  | for the Orb.
     0 | D:1      | Reached XP level 1. HP: 10/10 MP: 3/3
   441 | D:1      | Reached XP level 2. HP: 16/16 MP: 3/5
   691 | D:1      | Reached skill level 1 in Fighting
   954 | D:1      | Found a faded altar of an unknown god.
  1080 | D:2      | Reached skill level 1 in Transmutations
  1172 | D:2      | Reached XP level 3. HP: 19/20 MP: 6/6
  1176 | D:2      | Learned a level 3 spell: Stone Arrow
  1221 | D:2      | Reached skill level 4 in Earth Magic
  1522 | D:2      | Identified the +8 mace "Ireu" {vorpal, Fragile +Blink rElec
                  | rPois}
  1534 | D:2      | Found a runed translucent door.
  1535 | D:2      | Noticed Crazy Yiuf
  1542 | D:2      | Slain by Crazy Yiuf

Illustrated notes

Levels and vault maps discovered:
D:1:      minmay_arrival_up_and_down, layout_rooms,
          nicolae_ecumenical_lake_church, hex_medium
D:2:      layout_loops_ring, uniq_crazy_yiuf_cottage

Skill      XL: |  1  2  3 |
---------------+----------+-----
Fighting       | 1 |  1.7
Transmutations | 1 |  1.0
Earth Magic    | 4 |  4.0
Maces & Flails | |  0.4
Dodging        | |  1.7
Stealth        | |  2.4
Spellcasting   | |  2.1

Action                   || total
-------------------------++-------
Melee: Mace              ||    58
       Unarmed           ||     4
 Cast: Sandblast         ||    12
 Stab: Sleeping          ||     3
Armor: Robe              ||    23
Dodge: Dodged            ||    50

Table legend: (Time is in decaauts)
 A = Elapsed time spent in this place.
 B = Non-inter-level travel time spent in this place.
 C = Inter-level travel time spent in this place.
 D = Time resting spent in this place.
 E = Time spent auto-exploring this place.
 F = Levels seen in this place.
 G = Mean time per level.
                   A        B        C        D        E       F      G
               +--------+--------+--------+--------+--------+-----+--------+
         Total |   1565 |   1526 |     39 |      0 |   1280 |   2 |  782.5 |
       Dungeon |   1565 |   1526 |     39 |      0 |   1280 |   2 |  782.5 |
               +--------+--------+--------+--------+--------+-----+--------+

Top non-repeatable levels by time:
     D:1: 1021 daAuts
     D:2: 543 daAuts
